General information
- name: BNet
- type: Ladder team game (AT/RT)
- host: Battle.net
- saver: 66Dragon6
map: GolemsInTheMist
- players: 8
- length: 30:16
- speed: Fast
- version: 1.24 W3XP
- replay type: Public
» download(159 KB)
Players
team 1 (loser)
team_cocoa (
teal | 61 APM | 1040 actions | 17:04)
3 Death Knight
2 Death Coil
1 Unholy Aura
2 Lich
1 Frost Nova
1 Frost Armor
» actions
| Assign group hotkey | 27 | |
| Basic commands | 52 | |
| Build / train | 34 | |
| ESC pressed | 4 | |
| Enter build submenu | 17 | |
| Enter hero's abilities submenu | 5 | |
| Give item / drop item | 1 | |
| Right click | 305 | |
| Select / deselect | 191 | |
| Select group hotkey | 343 | |
| Use ability | 61 | |
1040 total
» units
| Acolyte | 6 | |
| Ghoul | 7 | |
| Crypt Fiend | 5 | |
18 total
» buildings
| Crypt | 2 | |
| Graveyard | 2 | |
| Ziggurat | 5 | |
| Altar of Darkness | 1 | |
| Tomb of Relics | 1 | |
| Halls of the Dead | 2 | |
| Slaughterhouse | 1 | |
| Sacrificial Pit | 2 | |
| Black Citadel | 2 | |
| Nerubian Tower | 1 | |
| Spirit Tower | 2 | |
| Necropolis | 1 | |
22 total
» build order
00:09 Crypt
00:12 Graveyard
00:15 Graveyard
00:40 Ziggurat
00:58 Altar of Darkness
01:31 Tomb of Relics
02:02 Ziggurat
03:36 Ziggurat
04:31 Halls of the Dead
05:54 Ziggurat
07:18 Slaughterhouse
07:19 Sacrificial Pit
07:34 Black Citadel
07:38 Nerubian Tower
08:01 Spirit Tower
09:03 Sacrificial Pit
10:24 Black Citadel
12:03 Necropolis
14:24 Halls of the Dead
14:48 Ziggurat
15:48 Spirit Tower
15:55 Crypt
» items

»
GOUHadouken03PR (
blue | 18 APM | 537 actions | 30:15)
2 Paladin
1 Holy Light
1 Devotion Aura
» actions
| Build / train | 43 | |
| ESC pressed | 1 | |
| Enter build submenu | 23 | |
| Enter hero's abilities submenu | 2 | |
| Remove unit from queue | 4 | |
| Right click | 279 | |
| Select / deselect | 153 | |
| Use ability | 32 | |
537 total
» units
| Peasant | 18 | |
| Footman | 5 | |
| Mortar Team | 9 | |
32 total
» upgrades
| Lumber Harvesting | 1 | |
| Gunpowder | 1 | |
2 total
» buildings
| Farm | 7 | |
| Keep | 1 | |
| Altar of Kings | 1 | |
| Barracks | 1 | |
| Blacksmith | 1 | |
| Lumber Mill | 1 | |
| Workshop | 2 | |
| Town Hall | 3 | |
| Scout Tower | 2 | |
19 total
» build order
00:43 Farm
01:24 Keep
01:44 Altar of Kings
02:09 Barracks
02:18 Farm
03:00 Farm
03:35 Blacksmith
03:43 Farm
04:19 Farm
04:30 Farm
04:53 Lumber Mill
05:13 Workshop
05:27 Farm
06:01 Workshop
13:26 Town Hall
22:37 Town Hall
23:47 Town Hall
27:51 Scout Tower
30:04 Scout Tower
» items

»
RENELANDER (
red | 30 APM | 569 actions | 19:13)
4 Death Knight
2 Death Coil
1 Death Pact
1 Unholy Aura
» actions
| Basic commands | 13 | |
| Build / train | 37 | |
| ESC pressed | 1 | |
| Enter build submenu | 14 | |
| Enter hero's abilities submenu | 4 | |
| Remove unit from queue | 1 | |
| Right click | 335 | |
| Select / deselect | 132 | |
| Use ability | 32 | |
569 total
» units
| Acolyte | 2 | |
| Ghoul | 3 | |
| Crypt Fiend | 16 | |
21 total
» upgrades
| Creature Attack | 1 | |
| Creature Carapace | 1 | |
| Web | 1 | |
3 total
» buildings
| Crypt | 2 | |
| Altar of Darkness | 1 | |
| Ziggurat | 8 | |
| Graveyard | 1 | |
| Tomb of Relics | 1 | |
| Halls of the Dead | 2 | |
| Spirit Tower | 4 | |
| Necropolis | 1 | |
20 total
» build order
00:21 Crypt
00:23 Altar of Darkness
00:34 Ziggurat
01:24 Graveyard
01:26 Ziggurat
01:39 Tomb of Relics
04:54 Ziggurat
04:57 Ziggurat
04:59 Ziggurat
05:52 Halls of the Dead
08:48 Spirit Tower
08:50 Spirit Tower
08:51 Spirit Tower
08:54 Spirit Tower
12:19 Necropolis
12:29 Crypt
12:35 Ziggurat
12:37 Ziggurat
12:39 Ziggurat
14:58 Halls of the Dead
» items
QB-Killa (
yellow | 22 APM | 294 actions | 13:35)
2 Paladin
1 Devotion Aura
1 Holy Light
» actions
| Basic commands | 20 | |
| Build / train | 29 | |
| Enter build submenu | 17 | |
| Enter hero's abilities submenu | 2 | |
| Right click | 96 | |
| Select / deselect | 100 | |
| Use ability | 30 | |
294 total
» units
| Peasant | 6 | |
| Footman | 7 | |
| Goblin Shredder | 1 | |
| Mortar Team | 6 | |
| Goblin Zeppelin | 1 | |
21 total
» upgrades
» buildings
| Lumber Mill | 1 | |
| Altar of Kings | 1 | |
| Farm | 7 | |
| Scout Tower | 2 | |
| Barracks | 1 | |
| Guard Tower | 2 | |
| Keep | 1 | |
| Blacksmith | 1 | |
| Arcane Vault | 1 | |
| Workshop | 2 | |
| Town Hall | 1 | |
20 total
» build order
00:13 Lumber Mill
00:46 Altar of Kings
01:05 Farm
01:23 Scout Tower
01:53 Barracks
02:01 Guard Tower
02:33 Farm
03:25 Farm
03:41 Keep
04:10 Blacksmith
04:42 Farm
05:15 Farm
05:21 Scout Tower
05:49 Arcane Vault
07:18 Workshop
07:28 Workshop
08:17 Guard Tower
10:16 Farm
10:19 Farm
11:40 Town Hall
team 2 (winner)

»
66Dragon6 (
purple | 87 APM | 2646 actions | 30:16)
5 Tauren Chieftain
3 Endurance Aura
2 War Stomp
4 Shadow Hunter
2 Hex
2 Healing Wave
» actions
| Assign group hotkey | 107 | |
| Basic commands | 16 | |
| Build / train | 40 | |
| ESC pressed | 3 | |
| Enter build submenu | 16 | |
| Enter hero's abilities submenu | 9 | |
| Right click | 1367 | |
| Select / deselect | 368 | |
| Select group hotkey | 653 | |
| Use ability | 67 | |
2646 total
» units
| Peon | 11 | |
| Troll Headhunter/Berserker | 7 | |
18 total
» upgrades
| Armor | 1 | |
| Shaman Training | 1 | |
| Witch Doctor Training | 2 | |
4 total
» buildings
| Altar of Storms | 1 | |
| Orc Burrow | 5 | |
| Barracks | 1 | |
| War Mill | 1 | |
| Stronghold | 1 | |
| Fortress | 1 | |
| Spirit Lodge | 2 | |
| Watch Tower | 4 | |
| Great Hall | 1 | |
17 total
» build order
00:21 Altar of Storms
00:23 Orc Burrow
00:35 Barracks
01:16 War Mill
01:42 Orc Burrow
02:56 Stronghold
03:42 Orc Burrow
05:35 Fortress
06:03 Spirit Lodge
06:04 Spirit Lodge
06:25 Orc Burrow
07:40 Watch Tower
07:42 Watch Tower
07:42 Watch Tower
07:43 Watch Tower
09:43 Great Hall
10:05 Orc Burrow
» items
| Healing Salve | 2 | |
| Lesser Clarity Potion | 2 | |
| Scroll of Speed | 1 | |
5 total

»
GREATEST-KISS (
pink | 68 APM | 2061 actions | 30:15)
4 Tauren Chieftain
2 Shockwave
2 Endurance Aura
3 Shadow Hunter
2 Hex
1 Healing Wave
3 Blademaster
2 Wind Walk
1 Critical Strike
» actions
| Assign group hotkey | 34 | |
| Basic commands | 12 | |
| Build / train | 61 | |
| Enter build submenu | 16 | |
| Enter hero's abilities submenu | 10 | |
| Give item / drop item | 1 | |
| Right click | 706 | |
| Select / deselect | 319 | |
| Select group hotkey | 817 | |
| Use ability | 85 | |
2061 total
» units
| Peon | 7 | |
| Grunt | 12 | |
| Shaman | 3 | |
| Spirit Walker | 1 | |
| Troll Witch Doctor | 2 | |
| Troll Batrider | 3 | |
28 total
» upgrades
| Shaman Training | 2 | |
| Witch Doctor Training | 2 | |
| Armor | 3 | |
| Spirit Walker Training | 2 | |
| Berserker Strength | 1 | |
| Melee Weapons | 3 | |
| Pillage | 1 | |
| Liquid Fire | 1 | |
| Ranged Weapons | 1 | |
16 total
» buildings
| Barracks | 2 | |
| Orc Burrow | 7 | |
| Altar of Storms | 1 | |
| Stronghold | 1 | |
| Voodoo Lounge | 1 | |
| War Mill | 1 | |
| Fortress | 1 | |
| Spirit Lodge | 2 | |
| Beastiary | 2 | |
18 total
» build order
00:20 Barracks
00:36 Orc Burrow
01:21 Altar of Storms
01:30 Orc Burrow
02:48 Stronghold
03:03 Voodoo Lounge
03:29 War Mill
03:58 Orc Burrow
05:15 Fortress
05:37 Spirit Lodge
05:47 Spirit Lodge
06:42 Orc Burrow
11:09 Orc Burrow
17:39 Orc Burrow
19:32 Barracks
23:41 Orc Burrow
23:45 Beastiary
23:46 Beastiary
» items
| Healing Salve | 1 | |
| Scroll of Town Portal | 1 | |
2 total
nwefklhiuhwvvkj (
green | 39 APM | 1195 actions | 30:15)
2 Far Seer
1 Feral Spirit
1 Chain Lighting
» actions
| Assign group hotkey | 16 | |
| Basic commands | 17 | |
| Build / train | 30 | |
| Enter build submenu | 11 | |
| Enter hero's abilities submenu | 2 | |
| Remove unit from queue | 1 | |
| Right click | 525 | |
| Select / deselect | 136 | |
| Select group hotkey | 430 | |
| Use ability | 27 | |
1195 total
» units
» upgrades
| Ranged Weapons | 3 | |
| Armor | 1 | |
| Liquid Fire | 1 | |
5 total
» buildings
| Altar of Storms | 1 | |
| Orc Burrow | 4 | |
| War Mill | 1 | |
| Voodoo Lounge | 1 | |
| Stronghold | 3 | |
| Fortress | 1 | |
| Beastiary | 3 | |
| Great Hall | 3 | |
17 total
» build order
00:19 Altar of Storms
00:23 Orc Burrow
01:18 War Mill
02:14 Voodoo Lounge
02:35 Stronghold
02:35 Stronghold
02:35 Stronghold
05:00 Fortress
05:06 Beastiary
05:07 Beastiary
05:08 Beastiary
05:20 Orc Burrow
05:21 Orc Burrow
05:22 Orc Burrow
11:53 Great Hall
13:45 Great Hall
14:44 Great Hall
elvishpower10 (
orange | 29 APM | 863 actions | 30:15)
4 Priestess of the Moon
2 Trueshot Aura
2 Searing Arrows
4 Demon Hunter
2 Mana Burn
2 Evasion
1 Keeper of the Grove
1 Force of Nature
» actions
| Assign group hotkey | 13 | |
| Build / train | 66 | |
| Enter build submenu | 22 | |
| Enter hero's abilities submenu | 9 | |
| Remove unit from queue | 3 | |
| Right click | 323 | |
| Select / deselect | 292 | |
| Select group hotkey | 88 | |
| Use ability | 47 | |
863 total
» units
| Wisp | 13 | |
| Archer | 17 | |
| Hippogryph | 12 | |
| Druid of the Talon | 2 | |
44 total
» upgrades
| Hippogryph Taming | 1 | |
| Improved Bows | 1 | |
| Strength of the Moon | 2 | |
| Druid of the Talon Training | 1 | |
5 total
» buildings
| Altar of Elders | 1 | |
| Moon Well | 7 | |
| Ancient of War | 1 | |
| Tree of Ages | 1 | |
| Ancient of Wind | 3 | |
| Hunter's Hall | 1 | |
| Ancient Protector | 5 | |
| Tree of Life | 1 | |
| Tree of Eternity | 1 | |
21 total
» build order
00:07 Altar of Elders
00:19 Moon Well
00:38 Moon Well
01:36 Ancient of War
02:52 Tree of Ages
04:03 Moon Well
05:01 Moon Well
05:23 Ancient of Wind
05:29 Ancient of Wind
06:02 Moon Well
10:18 Hunter's Hall
14:01 Ancient of Wind
14:50 Ancient Protector
15:31 Ancient Protector
17:16 Moon Well
18:20 Moon Well
19:22 Ancient Protector
19:26 Ancient Protector
21:29 Ancient Protector
21:58 Tree of Life
26:11 Tree of Eternity
Chat log
(00:10 / Allies) 66Dragon6: units?|
(00:26 / Allies) GREATEST-KISS: grunts
(00:26 / Allies) nwefklhiuhwvvkj: mass bats
(00:41 / Allies) 66Dragon6: tauren then
(00:59 / Allies) elvishpower10: ill go hipps and riders then mayb chims
(01:06 / Allies) 66Dragon6: k cool
(02:05 / Allies) 66Dragon6: shop
(02:49 / Allies) nwefklhiuhwvvkj: scoputing
(03:00 / Allies) 66Dragon6: nice
(03:06 / Allies) 66Dragon6: lol
(03:09 / All) nwefklhiuhwvvkj: lol tp?
(03:14 / All) nwefklhiuhwvvkj: you got stuck lololol
(03:20 / Allies) nwefklhiuhwvvkj: tyellow tped lolol
(03:24 / All) nwefklhiuhwvvkj: next time
(03:29 / All) nwefklhiuhwvvkj: kill the farm for only loss of 80g
(03:47 / All) nwefklhiuhwvvkj: or lumber mill for 120
(05:46 / Allies) nwefklhiuhwvvkj: wood plz
(05:53 / Allies) nwefklhiuhwvvkj: ty
(05:56 / Allies) 66Dragon6: gold plz
(06:05 / Allies) 66Dragon6: ty
(06:16 / Allies) 66Dragon6: tower up
(06:53 / Allies) GREATEST-KISS: out
(07:19 / Allies) GREATEST-KISS: purp come this way
(07:28 / Allies) GREATEST-KISS: if we can separate the humans
(07:51 / Allies) GREATEST-KISS: so green basically has shit
(07:57 / Allies) 66Dragon6: yes
(07:59 / Allies) elvishpower10: tp?
(08:18 / Allies) elvishpower10: get peon out purp
(08:35 / Allies) nwefklhiuhwvvkj: im making yelliow tp
(08:40 / Allies) GREATEST-KISS: zomg ur amazing fucktard
(09:36 / Allies) GREATEST-KISS: poally
(10:20 / Allies) 66Dragon6: fast
(10:31 / Allies) GREATEST-KISS: workers
(11:46 / Allies) 66Dragon6: b
(11:49 / Allies) 66Dragon6: nice
(12:20 / Allies) 66Dragon6: come on
(12:20 / Allies) 66Dragon6: go
(12:27 / Allies) nwefklhiuhwvvkj: they have too many towers
(12:36 / Allies) 66Dragon6: micro that shit
(12:39 / Allies) GREATEST-KISS: hang on
(12:41 / Allies) GREATEST-KISS: heal;ing
(12:43 / Allies) nwefklhiuhwvvkj: bats are weak
(12:58 / Allies) GREATEST-KISS: ok in
(14:47 / Allies) nwefklhiuhwvvkj: imj rebuilding
(14:57 / Allies) 66Dragon6: gj pink
(15:11 / Allies) nwefklhiuhwvvkj: im chasing blue
(15:14 / Allies) 66Dragon6: intercept
(15:48 / Allies) nwefklhiuhwvvkj: repair pink
(15:49 / Allies) 66Dragon6: repair
(15:54 / Allies) nwefklhiuhwvvkj: im kiling him
(16:01 / Allies) GREATEST-KISS: ok to teal
(16:02 / All) nwefklhiuhwvvkj: gg
(17:07 / Allies) 66Dragon6: gj team
(17:09 / All) nwefklhiuhwvvkj: bye bye reds base
(17:14 / Allies) GREATEST-KISS: yo green ur welcome
(17:18 / Allies) nwefklhiuhwvvkj: shut up
(17:20 / Allies) nwefklhiuhwvvkj: i did well
(17:22 / Allies) nwefklhiuhwvvkj: i killed bottom
(17:30 / Allies) GREATEST-KISS: must be fun living in a dream world
(17:33 / Allies) 66Dragon6: lmao
(17:35 / Allies) nwefklhiuhwvvkj: wow szeriously
(17:42 / Allies) elvishpower10: srry green
(17:45 / Allies) nwefklhiuhwvvkj: im going to attack your base
(17:50 / Allies) GREATEST-KISS: zomg
(17:52 / Allies) GREATEST-KISS: pure noob
(17:54 / Allies) GREATEST-KISS: spo predictable
(17:55 / All) nwefklhiuhwvvkj: im attacking pink
(17:56 / All) nwefklhiuhwvvkj: |he is gay
(18:03 / Allies) GREATEST-KISS: yeah u'lllast long
(18:45 / Allies) nwefklhiuhwvvkj: fuck you pink
(18:49 / Allies) nwefklhiuhwvvkj: we all played well
(18:50 / Allies) GREATEST-KISS: do you realize
(18:53 / Allies) GREATEST-KISS: no one cares about you?
(19:03 / Allies) nwefklhiuhwvvkj: i realize you are taking credit for letting my base die
(19:07 / Allies) GREATEST-KISS: where u going
(19:08 / Allies) nwefklhiuhwvvkj: and claiming that you are the only winner
(19:09 / Allies) GREATEST-KISS: my base is still there?
(19:10 / Allies) 66Dragon6: green get your head out of your ass
(19:12 / Allies) nwefklhiuhwvvkj: i want to win
(19:18 / Allies) nwefklhiuhwvvkj: pink is gay
(19:23 / Allies) GREATEST-KISS: this team doesnt need you to win
(19:25 / Allies) nwefklhiuhwvvkj: tell him to get his head out of his ass
(19:31 / Allies) nwefklhiuhwvvkj: ok i should have let yellow live then
(19:41 / Allies) GREATEST-KISS: can we all agree
(19:43 / Allies) nwefklhiuhwvvkj: pink go to hell
(19:43 / Allies) GREATEST-KISS: ur a whiny bitch then?
(19:46 / Allies) GREATEST-KISS: rofl
(19:53 / Allies) nwefklhiuhwvvkj: FUCKING NIGGER I WILL RIP YOUR FUCKING BALL OFF
(19:55 / Allies) GREATEST-KISS: such a little bitch
(19:57 / All) 66Dragon6: never underestimate the power of rt noobs
(19:57 / Allies) GREATEST-KISS: hahahahaha
(20:00 / Allies) GREATEST-KISS: hahahahahaha
(20:04 / Allies) nwefklhiuhwvvkj: I WANT TO COME TO YOUR HOUSE AND RIP YOUR FUCKING BALL OFF YOU FUCKING CUNT BAG
(20:14 / Allies) GREATEST-KISS: green ur a little bitch
(20:16 / All) nwefklhiuhwvvkj: GREATEST-KISS IS A FUCKING NEGRO
(20:21 / Allies) 66Dragon6: so you like touching other mens balls?
(20:21 / Allies) GREATEST-KISS: orange
(20:24 / Allies) GREATEST-KISS: kill those bats!
(20:26 / Allies) GREATEST-KISS: make him mad
(20:28 / Allies) GREATEST-KISS: this is hilarious
(20:33 / All) nwefklhiuhwvvkj: HE THINKS HE WON IT FOR US EVEN THOUGH IT WUOLD HAVE BEEN FASTER HAD HE SAVED HIS TEAM
(20:53 / All) nwefklhiuhwvvkj: HE LET 2 OF US DIE AND STILL CLAIMS TO BE THE BEST
(21:05 / All) nwefklhiuhwvvkj: GG I WON IT FOR US
(21:11 / Allies) GREATEST-KISS: green
(21:13 / Allies) GREATEST-KISS: nice vagina
(21:13 / All) nwefklhiuhwvvkj: i win !
(21:20 / Allies) nwefklhiuhwvvkj: hey pink nice color
(21:22 / Allies) nwefklhiuhwvvkj: fucking cunt
(21:24 / Allies) nwefklhiuhwvvkj: 1v1?
(21:27 / Allies) 66Dragon6: lol
(21:30 / Allies) GREATEST-KISS: rofl
(21:33 / Allies) nwefklhiuhwvvkj: seriously you fucking nigger
(21:33 / Allies) 66Dragon6: ur so patheticly emo
(21:35 / Allies) GREATEST-KISS: i dont have time to stomp every noob
(21:37 / Allies) nwefklhiuhwvvkj: lets 1v1 mr. so good
(21:40 / Allies) GREATEST-KISS: MR GOOD
(21:41 / Allies) nwefklhiuhwvvkj: you suck balls
(21:42 / All) GREATEST-KISS: HAHAHAHAH
(21:47 / All) GREATEST-KISS: ur hilarious dude
(21:54 / Allies) nwefklhiuhwvvkj: ur hillarious dude
(21:56 / Allies) nwefklhiuhwvvkj: hahahahhaha
(21:59 / Allies) GREATEST-KISS: purple appreciated the price of sacrifice
(22:00 / Allies) nwefklhiuhwvvkj: you fucking baby
(22:02 / Allies) nwefklhiuhwvvkj: whining about your win
(22:04 / Allies) GREATEST-KISS: a real mans man
(22:11 / All) nwefklhiuhwvvkj: you should listen to pink
(22:19 / All) nwefklhiuhwvvkj: never heard so much crying from a winning team
(22:23 / Allies) GREATEST-KISS: green
(22:26 / All) nwefklhiuhwvvkj: WAH
(22:26 / Allies) GREATEST-KISS: ur the funniest shit ever
(22:28 / All) nwefklhiuhwvvkj: AWAH
(22:29 / Allies) GREATEST-KISS: im bawlin here
(22:29 / All) nwefklhiuhwvvkj: WAH
(22:39 / All) nwefklhiuhwvvkj: this nig thinks he has skill
(22:40 / Allies) GREATEST-KISS: it makes me happy that people are as stupid as you
(22:47 / All) nwefklhiuhwvvkj: he will be number 1 cuz he let his team die
(22:56 / Allies) GREATEST-KISS: i wish purple didnt die
(22:58 / Allies) GREATEST-KISS: just you
(23:06 / Allies) GREATEST-KISS: some of us were contributing team members
(23:07 / Allies) nwefklhiuhwvvkj: you dodging the 1v1?
(23:13 / Allies) GREATEST-KISS: wait
(23:18 / Allies) GREATEST-KISS: u think im scared of ur 1v1?
(23:19 / Allies) nwefklhiuhwvvkj: oh sorry did yellow get killed by someone else?
(23:24 / Allies) nwefklhiuhwvvkj: oh wait no i killed him
(23:26 / Allies) nwefklhiuhwvvkj: completely
(23:29 / All) GREATEST-KISS: OH SHIT
(23:31 / All) GREATEST-KISS: OH NO HE DIDNT
(23:43 / Allies) nwefklhiuhwvvkj: lol purp why the fuck you kill my stuff
(23:47 / Allies) nwefklhiuhwvvkj: you are worse than pink
(23:49 / Allies) 66Dragon6: dunno
(23:51 / All) elvishpower10: i spy a little sneaky blue
(23:52 / Allies) GREATEST-KISS: no one fuckin cares about you
(23:57 / Allies) nwefklhiuhwvvkj: i would love to get both of you to my house and fucking drown you in my cum
(24:04 / Allies) GREATEST-KISS: i bet u would
(24:07 / Allies) 66Dragon6: why so serious?
(24:08 / Allies) nwefklhiuhwvvkj: cya
(24:10 / Allies) nwefklhiuhwvvkj: im going to go eat
(24:16 / Allies) GREATEST-KISS: go eat fatty
(24:19 / Allies) GREATEST-KISS: u need the calories
(24:19 / Allies) nwefklhiuhwvvkj: cuz im tired of niggers?
(24:31 / Allies) GREATEST-KISS: are you asking?
(24:31 / Allies) nwefklhiuhwvvkj: pink had no reason to harass me
(24:46 / Allies) nwefklhiuhwvvkj: but he is a fucking cunt bag with nothing better to do than piss people off
(24:53 / Allies) GREATEST-KISS: i might as well
(24:57 / Allies) GREATEST-KISS: while the games still goin
(25:00 / Allies) nwefklhiuhwvvkj: go fuck yourself pink, i hope you enjoy living alone the rest of your life
(25:05 / Allies) GREATEST-KISS: yo
(25:09 / Allies) GREATEST-KISS: no one asked for a life story
(25:12 / Allies) GREATEST-KISS: i thought u were going to eat
(25:13 / Allies) nwefklhiuhwvvkj: hurry the fuck up[ and "win" for me
(25:19 / Allies) nwefklhiuhwvvkj: fucking hurrry you fuckign slowpoke
(25:21 / Allies) nwefklhiuhwvvkj: go win
(25:25 / Allies) GREATEST-KISS: no matter how many you win ur still a loser dude
(25:28 / Allies) nwefklhiuhwvvkj: you claimed to win for me now fucking do it
(25:33 / All) elvishpower10: just leave plz
(25:34 / Allies) nwefklhiuhwvvkj: whats takign so long mr shaman
(25:41 / Allies) nwefklhiuhwvvkj: you mass casters what a fucking queef
(25:43 / Allies) GREATEST-KISS: mr shaman
(25:44 / Allies) GREATEST-KISS: ahahahahaha
(25:48 / All) nwefklhiuhwvvkj: pink is busy creeping
(25:52 / All) nwefklhiuhwvvkj: thought he wanted to win
(25:58 / Allies) GREATEST-KISS: no way man
(26:00 / All) nwefklhiuhwvvkj: he said he won it for me
(26:02 / Allies) GREATEST-KISS: i wanna stay here and lisaten to you
(26:03 / All) nwefklhiuhwvvkj: yet he can't win....
(26:10 / Allies) GREATEST-KISS: i got a long flight tomorrow
(26:13 / Allies) GREATEST-KISS: this is good entertainment
(26:19 / Allies) nwefklhiuhwvvkj: i hope you get attacked by terrorsits
(26:23 / Allies) nwefklhiuhwvvkj: what plane you on?
(26:25 / Allies) GREATEST-KISS: terror whats?
(26:31 / Allies) nwefklhiuhwvvkj: terrorists
(26:32 / All) GREATEST-KISS: AHHHH
(26:40 / Allies) nwefklhiuhwvvkj: what flight is it
(26:47 / Allies) nwefklhiuhwvvkj: i want to watch the news
(26:55 / All) GREATEST-KISS: flight 403 to ur moms bed
(27:12 / Allies) nwefklhiuhwvvkj: pink
(27:15 / Allies) GREATEST-KISS: green
(27:16 / Allies) nwefklhiuhwvvkj: you have problems
(27:18 / Allies) GREATEST-KISS: go fuckin eat you fatty
(27:21 / Allies) GREATEST-KISS: get some mcdonalds
(27:35 / Allies) GREATEST-KISS: please tell me your older than 14
(27:39 / Allies) GREATEST-KISS: i can forgive you if ur not
(28:11 / Allies) 66Dragon6: check
(28:13 / Allies) GREATEST-KISS: i dont think its crept
(28:18 / Allies) 66Dragon6: with air
(28:33 / Allies) nwefklhiuhwvvkj: i squelched pink
(28:35 / Allies) nwefklhiuhwvvkj: yippie
(28:42 / Allies) nwefklhiuhwvvkj: mr. tier 1 and his shit is all over
(28:45 / Allies) GREATEST-KISS: does anyone else think
(28:48 / Allies) GREATEST-KISS: that guys awesome?
(28:49 / Allies) 66Dragon6: orange
(28:53 / Allies) 66Dragon6: share control please
(28:58 / Allies) nwefklhiuhwvvkj: damn i could have won for us to if the team attacked top bases first
(29:10 / Allies) 66Dragon6: i think we attacked the top base first
(29:11 / Allies) 66Dragon6: didnt we?
(29:18 / Allies) nwefklhiuhwvvkj: they hit our bottom bases
(29:21 / Allies) nwefklhiuhwvvkj: and killed them
(29:24 / Allies) GREATEST-KISS: thank god for that
(29:27 / Allies) 66Dragon6: tell us more
(29:29 / Allies) nwefklhiuhwvvkj: then i hit their bottom base with bats and killed yellow
(29:42 / Allies) nwefklhiuhwvvkj: then pink took out top
(29:52 / All) nwefklhiuhwvvkj: now pink uses bats lololololol
(30:14 / Allies) nwefklhiuhwvvkj: yawn